 Dungeon Crawl Stone Soup version 0.17-b1-15-g0f5fb43 (webtiles) character file.

13363619 tetracat the Middleweight Champion (level 27, 202/224 HPs)
             Began as an Octopode Monk on Nov 8, 2015.
             Was the Champion of Makhleb.
             Escaped with the Orb
             ... and 15 runes!
             The game lasted 09:16:19 (120553 turns).

tetracat the Middleweight Champion (OpMo)         Turns: 120553, Time: 09:16:19

Health: 202/224    AC:  9    Str: 25    XL:     27
Magic:  55/55      EV: 46    Int: 36    God:    Makhleb [******]
Gold:   7610       SH: 19    Dex: 24    Spells: 10 memorised, 2 levels left

rFire  + + .     SeeInvis +       - Unarmed
rCold  + + +     Clarity  .     D - +4 shield "Noll" {rF++ Str+3}
rNeg   + + .     SustAt   .     q - +2 hat {MR+}
rPois  +         Gourm    .     b - amulet of the Crown {+Rage rN+ MR+ Dex+4}
rElec  .         Spirit   .     p - +6 ring of intelligence
rCorr  .         Warding  .     a - ring "Hadoxzo" {rN+ MR+ Str-4 SInv}
rMut   .         Stasis   .     t - ring of Shaolin {EV+8}
MR     +++++                    I - ring of Vobebbi {rPois MR+ Str+2 Stlth+}
Stlth  ++++......               B - +6 ring of protection
                                T - ring of the Wild Haggis {Wiz MP+9 Str+3 Int+7 Slay+3}
                                M - ring "Lor Acit" {+Fly rC+ Str+4 Dex+4}
                                W - ring "Ykiahas" {rC++ Int+4 Dex+2}

@: very slightly contaminated, studying 2 skills, deflect missiles, almost
entirely resistant to hostile enchantments, stealthy
A: almost no armour, amphibious, 8 rings, constrict 8, camouflage 1, gelatinous
body 1
a: Minor Destruction, Lesser Servant of Makhleb, Major Destruction, Greater
Servant of Makhleb, Renounce Religion, Evoke Berserk Rage, Evoke Flight
0: Orb of Zot
}: 15/15 runes: decaying, slimy, silver, golden, iron, obsidian, icy, bone,
abyssal, demonic, glowing, magical, fiery, dark, gossamer


You escaped.
You worshipped Makhleb.
Makhleb was exalted by your worship.
You were hungry.

You visited 18 branches of the dungeon, and saw 95 of its levels.
You visited Pandemonium 2 times, and saw 39 of its levels.
You visited the Abyss 2 times.
You visited 2 ziggurats, and saw 31 of their levels (deepest: 16).
You also visited: Labyrinth, Ice Cave and Volcano.

You collected 48746 gold pieces.
You spent 17311 gold pieces at shops.
You paid 23825 gold pieces to Gozag.

Inventory:

Armour
 q - a +2 hat of magic resistance (worn)
 D - the +4 shield "Noll" (worn) {rF++ Str+3}
   (You took it off Asterion on level 3 of the Elven Halls)

   It affects your strength (+3).
   It greatly protects you from fire.
Jewellery
 a - the ring "Hadoxzo" (right tentacle) {rN+ MR+ Str-4 SInv}
   (You bought it in a shop on level 4 of the Lair of Beasts)

   [ring of protection from magic]

   It affects your strength (-4).
   It protects you from negative energy.
   It affects your resistance to hostile enchantments.
   It lets you see invisible.
 b - the amulet of the Crown (around mantle) {+Rage rN+ MR+ Dex+4}
   (You took it off a yaktaur captain on level 5 of the Vaults)

   [amulet of rage]

   It affects your dexterity (+4).
   It protects you from negative energy.
   It affects your resistance to hostile enchantments.
   It lets you go berserk.
 c - an uncursed amulet of resist mutation
 d - an uncursed amulet of resist corrosion
 p - a +6 ring of intelligence (left tentacle)
 t - the ring of Shaolin (on tentacle) {EV+8}
   (You found it on level 7 of the Iron City of Dis)

   [ring of evasion]

   It affects your evasion (+8).
 B - a +6 ring of protection (on tentacle)
 I - the ring of Vobebbi (on tentacle) {rPois MR+ Str+2 Stlth+}
   (You bought it in a shop in the Vestibule of Hell)

   [ring of stealth]

   It affects your strength (+2).
   It protects you from poison.
   It affects your resistance to hostile enchantments.
   It makes you more stealthy.
 M - the ring "Lor Acit" (on tentacle) {+Fly rC+ Str+4 Dex+4}
   (You bought it in a shop on level 1 of the Tomb of the Ancients)

   [ring of flight]

   It affects your strength (+4).
   It affects your dexterity (+4).
   It protects you from cold.
   It lets you fly.
 T - the ring of the Wild Haggis (on tentacle) {Wiz MP+9 Str+3 Int+7 Slay+3}
   (You found it in a labyrinth)

   [ring of wizardry]

   It improves your spell success rate.
   It affects your strength (+3).
   It affects your intelligence (+7).
   It affects your accuracy and damage with ranged weapons and melee attacks
   (+3).
   It affects your magic capacity (+9).
 W - the ring "Ykiahas" (on tentacle) {rC++ Int+4 Dex+2}
   (You bought it in a shop on level 14 of the Dungeon)

   [ring of intelligence]

   It affects your intelligence (+4).
   It affects your dexterity (+2).
   It greatly protects you from cold.
Wands
 e - a wand of invisibility (5)
 m - a wand of fire (9)
 s - a wand of digging (14)
Scrolls
 h - 48 scrolls of remove curse
 i - 6 scrolls of amnesia
 l - 12 scrolls of blinking
 n - 5 scrolls of immolation
 o - 3 scrolls of enchant weapon
 w - 9 scrolls of enchant armour
 x - 20 scrolls of fog
 E - 7 scrolls of holy word
 G - 12 scrolls of recharging
 H - 21 scrolls of identify
 K - 4 scrolls of summoning
 R - 6 scrolls of silence
 X - 21 scrolls of teleportation
Potions
 k - 4 potions of agility
 r - 6 potions of berserk rage
 z - 8 potions of might
 C - 21 potions of curing
 F - 10 potions of magic
 N - 10 potions of brilliance
 O - 14 potions of heal wounds
 P - 3 potions of cancellation
 S - a potion of haste
 V - 4 potions of resistance
Books
 L - a manual of Air Magic
 Q - a manual of Charms
Miscellaneous
 g - a legendary deck of escape {Solitude}
 j - a lamp of fire
 v - a legendary deck of defence {the Alchemist}
 y - a lamp of fire
 J - a legendary deck of defence {the Alchemist}
Comestibles
 f - 28 meat rations


   Skills:
 O Level 27 Fighting
 O Level 27 Dodging
 - Level 19.1 Stealth
 - Level 15.0 Shields
 O Level 27 Unarmed Combat
 - Level 19.6 Spellcasting
 - Level 25.1 Conjurations
 - Level 13.0 Charms
 - Level 11.5 Summonings
 - Level 20.5 Necromancy
 - Level 16.8 Translocations
 - Level 12.3 Transmutations
 - Level 20.4 Fire Magic
 + Level 13.0 Air Magic
 - Level 16.0 Earth Magic
 - Level 11.0 Evocations


You had 2 spell levels left.
You knew the following spells:

 Your Spells              Type           Power        Failure   Level  Hunger
a - Statue Form           Trmt/Erth      #######..    1%          6    None
b - Fire Storm            Conj/Fire      ########..   4%          9    #####..
c - Deflect Missiles      Chrm/Air       #######...   1%          6    None
d - Phase Shift           Tloc           ########..   1%          5    None
e - Necromutation         Trmt/Necr      ########..   4%          8    ####...
f - Tornado               Air            #######...   96%         9    #####..
g - Apportation           Tloc           ########..   0%          1    None
i - Haste                 Chrm           #######.     1%          6    None
m - Aura of Abjuration    Summ           #######...   1%          5    None
z - Controlled Blink      Tloc           N/A          3%          8    ####...


Dungeon Overview and Level Annotations

Branches:
Dungeon (15/15)            Temple (1/1) D:5            Lair (8/8) D:9
  Swamp (4/4) Lair:3       Spider (4/4) Lair:3        Slime (6/6) Lair:6
    Orc (4/4) D:12            Elf (3/3) Orc:3        Vaults (5/5) D:14
  Crypt (3/3) Vaults:2       Tomb (3/3) Crypt:3      Depths (5/5) D:15
   Hell (1/1)                 Dis (7/7) Hell            Geh (7/7) Hell
    Coc (7/7) Hell            Tar (7/7) Hell            Zot (5/5) Depths:5

Altars:
Ashenzari
Cheibriados
Dithmenos
Elyvilon
Fedhas
Gozag
Kikubaaqudgha
Makhleb
Nemelex Xobeh
Okawaru
Qazlal
Ru
Sif Muna
Trog
Vehumet
Xom
Yredelemnul
Zin
The Shining One
Jiyva

Shops:
D:4 !(*   D:8 :   D:10 =   D:12 *   D:14 =   Orc:1 ?   Orc:2 [   Orc:3 [
Orc:4 [?:%}   Lair:4 =   Vaults:2 *   Vaults:4 [   Tomb:1 *=   Hell [*=
Depths:1 *!   Depths:3 %![*   Depths:5 [=}*

Portals:
Hell: Depths:2 Depths:3 Depths:4 Depths:5
Abyss: Depths:2 Depths:4
Pandemonium: Orc:4 Depths:3
Trove: Elf:1 (give 5 scrolls of blinking)

Annotations:
D:13 Kirke
Lair:5 Maud
Lair:6 exclusions: hydra and oklob plant
Lair:8 exclusion: hydra
Coc:7 exclusion: ice statue


Innate Abilities, Weirdness & Mutations

You cannot wear most types of armour.
You are amphibious.
You can wear up to eight rings at the same time.
You can use your tentacles to constrict eight enemies at once.
Your skin changes colour to match your surroundings (Stealth).
Your rubbery body absorbs attacks (AC +1).


Message History

You aren't carrying or standing over any spellbooks.
You climb upwards.
There is a stone staircase leading down here.
There is a stone staircase leading up here.
You climb upwards.
There is a stone staircase leading down here.
A rust devil comes into view.
You are feeling hungry.
You see here a hunting sling.
There is an open door here.
There is an open door here.
No item to drop.
You close the door.
There is a staircase leading out of the dungeon here.
Drink which item? (? for menu, Esc to quit)
It has a very clean taste.
You feel healthier.
You feel robust.
Your urge to shout disappears.
There is a staircase leading out of the dungeon here.
You can't go down here!
You have escaped!

##'## ##>## ##'##
##...######...######...##
#..................(....#
#..⌠........⌠...^....⌠..#
#.......................#
##...######...######...##
##### #####+##### #####
##.........##
#..♣..@..♣..#
##.........## ###########


There were no monsters in sight!

Vanquished Creatures
  Cerebov (Pan)
  Antaeus (Coc:7)
  Asmodeus (Geh:7)
  the royal jelly (Slime:6)
  Ereshkigal (Tar:7)
  Gloorx Vloq (Pan)
  A seraph (Pan)
  the Serpent of Hell (Geh:7)
  Mnoleg (Pan)
  Lom Lobon (Pan)
  Dispater (Dis:7)
  Khufu (Tomb:3)
  6 orbs of fire (Zot:5)
  9 ancient liches
  Mara (Depths:2)
  2 juggernauts
  18 greater mummies
  Sojobo (Vaults:5)
  Frederick (Crypt:3)
  6 shard shrikes
  Saint Roka (Depths:2)
  2 curse toes
  2 caustic shrikes
  17 pandemonium lords
  7 Killer Klowns
  Geryon (Hell)
  12 golden dragons
  Jory (Vaults:4)
  the Enchantress (Depths:2)
  4 profane servitors
  Arachne (Spider:4)
  27 Brimstone Fiends
  12 bone dragons
  3 electric golems
  A shard shrike zombie (Crypt:1)
  15 Ice Fiends
  Jorgrun (Crypt:3)
  17 Hell Sentinels
  27 tentacled monstrosities
  Asterion (Elf:3)
  24 Orb Guardians
  21 liches
  24 Shadow Fiends
  2 deep elf master archers (Elf:3)
  3 deep elf blademasters (Elf:3)
  7 titans
  18 acid blobs
  4 death cobs
  4 quicksilver dragons
  27 Executioners
  6 octopode crushers
  2 eldritch tentacles
  10 sphinxes
  10 warmongers
  Gastronok (Lair:3)
  14 shadow dragons
  5 ancient champions
  5 thorn hunters
  Agnes (Spider:3)
  27 tentacled starspawn
  15 tengu reavers
  A shadow dragon (shapeshifter) (Zig:13)
  14 storm dragons
  2 draconian monks
  A revenant (Hell)
  A fire giant (shapeshifter) (Zig:13)
  15 azure jellies
  A frost giant (shapeshifter) (Zig:13)
  12 daevas
  17 fire giants
  16 frost giants
  2 orc warlords (Depths:3)
  Donald (Vaults:3)
  5 chaos champions (Pan)
  15 deep elf sorcerers
  23 iron dragons
  9 greater nagas
  A draconian knight (Zot:2)
  4 black suns
  11 ghost moths
  A draconian scorcher (Zot:1)
  11 vault wardens
  29 balrugs
  3 curse skulls
  2 caustic shrike zombies
  15 emperor scorpions
  3 draconian zealots
  13 angels
  22 cacodemons
  3 draconian shifters
  16 ghouls
  7 spriggan defenders
  17 ironheart preservers
  28 stone giants
  5 draconian annihilators
  29 very ugly things
  52 reapers
  9 vampire knights
  A caustic shrike skeleton (Zig:16)
  10 ophanim
  19 war gargoyles
  A draconian caller (Zot:5)
  5 blood saints (Pan)
  3 green draconians
  3 elemental wellsprings
  15 apis (Pan)
  Nessos (Orc:4)
  29 lorocyprocas
  2 salamander firebrands
  10 corrupters (Pan)
  6 mottled draconians
  5 salamander stormcallers
  14 deep elf annihilators
  11 black draconians
  7 deep elf demonologists
  7 white draconians
  7 yellow draconians
  13 purple draconians
  6 red draconians
  17 blizzard demons
  10 deep elf death magi
  19 ettins
  Snorg (D:12)
  33 vault guards
  2 merfolk javelineers (Zig:10)
  5 crystal guardians
  A minotaur (Lab)
  14 mummy priests
  8 green deaths
  3 eidola
  22 fire dragons
  9 jiangshi
  11 death oozes (Slime:6)
  27 great orbs of eyes
  3 quicksilver dragon zombies
  14 entropy weavers
  A kraken zombie (Coc:7)
  21 yaktaur captains
  8 deep elf high priests
  8 rakshasas
  Harold (Orc:3)
  9 hell beasts
  10 spriggan air magi
  2 ghost crabs
  4 naga warriors
  36 ice dragons
  A ghost crab (shapeshifter) (Depths:4)
  31 hydras
  An ice dragon (shapeshifter) (Depths:4)
  11 monstrous demonspawn (Pan)
  4 quicksilver dragon skeletons
  A spectral sphinx (Zig:13)
  A merfolk avatar (Zig:2)
  9 centaur warriors
  2 anacondas (Zig:14)
  2 alligator snapping turtles (Zig:14)
  2 merfolk aquamancers
  A catoblepas (Zig:6)
  3 deep troll shamans
  16 alligators
  8 deep troll earth magi
  4 death knights
  2 dancing weapons
  A spectral frost giant (Zig:13)
  11 tengu warriors
  A queen ant (Spider:1)
  A spectral storm dragon (Zig:13)
  8 spriggan berserkers
  6 titan zombies
  2 satyrs
  9 death yaks (Lair:8)
  10 vampire magi
  21 thrashing horrors
  20 hell hogs
  8 shock serpents
  11 orc high priests
  A shock serpent (shapeshifter) (Depths:2)
  19 ogre magi
  7 naga sharpshooters (Zig:14)
  3 iron golems
  Sonja (Orc:3)
  8 shadow wraiths
  6 storm dragon zombies
  20 deep elf knights
  57 sun demons
  3 titan skeletons
  45 ice devils
  26 wretched stars
  25 soul eaters
  23 deep trolls
  3 fire crabs
  2 sea snakes (Zig:10)
  7 spatial maelstroms
  10 gelid demonspawn
  8 infernal demonspawn
  A salamander mystic (Geh:5)
  60 skeletal warriors
  5 iron trolls (Depths:3)
  A sea snake (shapeshifter) (Zig:11)
  5 storm dragon skeletons
  39 hell knights
  13 anaconda zombies
  6 golden dragon zombies
  17 flayed ghosts
  3 death drakes
  94 large abominations
  6 death scarabs
  5 ghost moth zombies
  7 giant orange brains
  8 cherubim (Pan)
  A kraken simulacrum (Hell)
  7 shambling mangroves
  4 unseen horrors
  4 spriggan druids
  13 swamp dragons
  10 anubis guards
  14 deep elf summoners
  A naga ritualist (Zig:14)
  An orange crystal statue (Zig:2)
  10 hill giants
  A tengu zombie (Zig:7)
  A giant orange brain (shapeshifter) (Depths:4)
  A spectral iron dragon (Zig:13)
  16 deep elf conjurers
  5 shadow dragon zombies
  16 phantasmal warriors
  13 orb spiders
  A lindwurm (Volcano)
  13 putrid demonspawn
  4 golden dragon skeletons
  5 anaconda skeletons
  20 shadow demons
  12 wolf spider zombies
  A sphinx zombie (Zig:7)
  38 wolf spiders
  23 necromancers
  11 torturous demonspawn (Pan)
  15 orc knights
  3 fire giant zombies
  A human zombie (Vaults:4)
  8 shining eyes
  2 iron dragon zombies
  21 wizards
  10 ironbrand convokers
  8 hornets
  12 elephants
  3 oklob plants (Zig:10)
  7 fauns
  10 orc sorcerers
  7 frost giant zombies
  A sphinx skeleton (Zig:16)
  A mana viper (shapeshifter) (Vaults:4)
  8 moths of wrath
  2 manticores
  A manticore (shapeshifter) (Depths:4)
  4 salamanders
  83 ugly things
  11 stone giant zombies
  10 iron dragon skeletons
  A shadow dragon skeleton (Tar:5)
  9 griffons
  3 shock serpent zombies
  A water nymph (Zig:10)
  2 naga magi
  8 fire giant skeletons
  8 guardian serpents
  3 stone giant skeletons
  3 dire elephant zombies
  2 cyclopes (shapeshifter)
  9 cyclopes
  8 frost giant skeletons
  26 sixfirhies
  6 apocalypse crabs
  10 worldbinders
  2 black mambas (shapeshifter)
  A guardian serpent (shapeshifter) (Depths:2)
  45 rust devils
  A titan simulacrum (Coc:7)
  4 ice statues (IceCv)
  13 black mambas
  3 torpor snails
  5 gargoyles
  A purple draconian zombie (Dis:7)
  52 smoke demons
  10 molten gargoyles
  5 eyes of devastation
  3 shock serpent skeletons
  2 anaconda simulacra
  23 orange demons
  A black draconian zombie (Crypt:2)
  12 efreet
  A dire elephant skeleton (Geh:4)
  33 hellions
  9 vault sentinels
  4 catoblepas zombies
  A yaktaur zombie (Hell)
  23 tormentors
  4 emperor scorpion zombies
  10 komodo dragons
  The ghost of tetracat the Martial Artist, a novice OpMo (D:4)
  31 spiny frogs
  2 spriggan zombies
  7 fire drakes
  26 hellwings
  2 tengu conjurers (Depths:2)
  3 yaktaurs (shapeshifter)
  A golden dragon simulacrum (Abyss:3)
  2 silent spectres (Zig:16)
  30 demonic crawlers
  A kobold demonologist (Abyss:2)
  An elf (Depths:3)
  20 guardian mummies
  3 human skeletons
  26 blue devils
  2 queen bees
  40 yaktaurs
  19 ancient zymes
  33 jumping spiders
  2 harpy zombies
  33 red devils
  13 two-headed ogres
  A yaktaur skeleton (Vaults:4)
  15 merfolk (Zig:10)
  A catoblepas skeleton (Coc:7)
  7 hydra zombies
  22 deep elf priests
  2 queen bees (shapeshifter)
  14 blink frogs
  A sphinx simulacrum (Vaults:4)
  A wind drake (Zig:10)
  10 polar bears (Lair:8)
  10 boulder beetles
  8 giant leeches
  31 freezing wraiths
  10 trolls
  120 slime creatures
  6 hydra skeletons
  A minotaur skeleton (Lab)
  5 fire dragon zombies
  26 ushabtiu
  2 ice dragon skeletons
  7 ettin zombies
  17 bog bodies
  A frost giant simulacrum (Abyss:3)
  3 harpy skeletons
  A raiju (shapeshifter) (Abyss:4)
  A tarantella (shapeshifter) (Zig:13)
  8 alligator zombies
  9 tarantella zombies (Spider:1)
  30 trapdoor spiders
  2 hogs (shapeshifter)
  An alligator skeleton (Hell)
  9 ice dragon zombies
  36 raiju
  108 flying skulls
  27 tarantellas
  5 fire dragon skeletons
  8 vampires
  25 spriggans
  A black mamba zombie (Geh:6)
  A yak (shapeshifter) (Vaults:3)
  20 water elementals
  47 deep elf magi
  A snapping turtle (Zig:14)
  7 ettin skeletons
  24 wraiths
  88 redbacks
  2 basilisks
  28 ynoxinuls
  14 air elementals
  4 wyverns
  A wyvern (shapeshifter) (Depths:2)
  2 golden eyes (shapeshifter)
  9 golden eyes
  4 hogs
  14 hippogriffs
  Eustachio (D:4)
  A wind drake zombie (Crypt:1)
  2 elf zombies
  7 fire bats
  109 starcursed masses
  58 yaks
  A yaktaur simulacrum (Vaults:3)
  42 vampire mosquitoes
  A steam dragon (shapeshifter) (Depths:1)
  3 steam dragons
  3 mottled dragons
  43 shadows
  13 swamp worms
  Grum (D:8)
  45 neqoxecs
  A hippogriff (shapeshifter) (Depths:5)
  23 fire elementals
  8 spatial vortices
  52 deep elf fighters
  A mottled dragon (shapeshifter) (D:14)
  13 water moccasins
  48 wolves
  A human (Depths:3)
  23 chaos spawn
  A warg (shapeshifter) (Depths:4)
  7 hungry ghosts
  9 insubstantial wisps
  31 small abominations
  3 hydra simulacra
  A gelid demonspawn zombie (Tomb:3)
  A deep troll zombie (Vaults:4)
  A merfolk zombie (Tomb:2)
  7 nagas
  8 spiny frog zombies
  A soldier ant (shapeshifter) (Depths:2)
  10 wargs
  6 black bears
  2 alligator simulacra
  17 porcupines
  25 soldier ants
  50 orc warriors
  3 spriggan simulacra (Depths:2)
  A black bear (shapeshifter) (Vaults:5)
  47 hell hounds
  16 spiders
  20 swamp drakes
  4 spiny frog skeletons
  2 merfolk skeletons
  2 snapping turtle zombies
  An ettin simulacrum (Coc:1)
  5 sky beasts
  9 ice beasts
  20 eyes of draining
  7 phantoms
  A swamp dragon zombie (Dis:7)
  26 wasps
  19 boggarts
  57 ogres
  24 necrophages
  42 centaurs
  5 swamp dragon skeletons
  20 crocodiles
  3 snapping turtle skeletons
  A centaur (shapeshifter) (Vaults:3)
  3 manticore skeletons
  6 brain worms
  A crocodile (shapeshifter) (Depths:1)
  7 spider zombies (Spider:1)
  A giant frog (shapeshifter) (Vaults:5)
  6 big kobolds
  22 giant frogs
  A wyvern zombie (D:13)
  5 elf skeletons
  5 scorpions
  An earth elemental (Lab)
  42 killer bees
  3 water moccasin skeletons
  2 spectral wolves (Depths:3)
  54 wights
  An electric eel (Lair:1)
  A spriggan skeleton (Geh:7)
  17 crimson imps
  4 quasits
  A giant frog zombie (D:6)
  3 giant frog skeletons
  3 draconian simulacra (IceCv)
  18 iron imps
  4 centaur zombies
  37 jellies
  13 centaur skeletons
  7 hounds
  10 iguanas
  3 lava snakes (Volcano)
  A gnoll shaman (D:8)
  39 orc priests
  Terence (D:2)
  39 orc wizards
  A lightning spire (Zig:8)
  11 sheep
  25 worker ants
  A troll simulacrum (IceCv)
  A crocodile zombie (Crypt:1)
  2 centaur simulacra (IceCv)
  32 mummies
  2 hound skeletons
  A hound zombie (D:8)
  2 worker ant zombies
  4 naga simulacra (IceCv)
  18 adders
  59 river rats
  14 gnolls
  18 shadow imps
  27 white imps
  3 giant eyeballs (Pan)
  4 ufetubi
  An ooze (D:2)
  2 adder zombies
  An iguana zombie (Crypt:1)
  3 adder skeletons
  2 worms
  5 giant geckos
  188 orcs
  12 bats
  9 hobgoblins
  3 jackals (D:7)
  30 kobolds
  9 quokkas
  2 ball pythons (D:3)
  5 giant cockroaches
  6 giant newts
  2 gnoll zombies (Crypt:1)
  11 goblins
  A jackal skeleton (D:5)
  A jackal zombie (Crypt:1)
  A kobold skeleton (Tar:7)
  An orc skeleton (Geh:1)
  2 quokka skeletons
  8 rats
  A briar patch (Swamp:4)
  3 fire vortices (Zig:8)
  A lost soul (Crypt:1)
  A lurking horror (Abyss:4)
  3 plants
  26 starspawn tentacles
  3 starspawn tentacle segments
  5 tentacles
6027 creatures vanquished.

Vanquished Creatures (collateral kills)
  A tentacled monstrosity (Zig:12)
  A Shadow Fiend (Zig:13)
  A tentacled starspawn (Zig:6)
  A merfolk aquamancer (Zig:10)
  2 swamp dragons (Zig:12)
  A bog body (Zig:12)
  3 wasps
10 creatures vanquished.

Vanquished Creatures (others)
  A thorn hunter (Swamp:4)
  A shadow dragon (Vaults:5)
  An elemental wellspring (Coc:7)
  A green death (Pan)
  An entropy weaver (Depths:3)
  A monstrous demonspawn (Pan)
  A rakshasa (Pan)
  16 dancing weapons
  A shock serpent (Zig:14)
  A titan zombie (Depths:2)
  A deep elf knight (Elf:2)
  A wretched star (Abyss:4)
  A skeletal warrior (Tomb:2)
  2 ball lightnings (Pan)
  35 death scarabs
  An anaconda skeleton (Tomb:2)
  2 ironbrand convokers (Zig:8)
  A harpy (Zig:8)
  An orc knight (Zig:8)
  A black mamba (Zig:3)
  A vault sentinel (Zig:8)
  A shock serpent skeleton (Tomb:3)
  A komodo dragon (Volcano)
  A guardian mummy (Tomb:2)
  A hellwing (Pan)
  A hydra zombie (Hell)
  A freezing wraith (Zig:8)
  A jumping spider (Depths:3)
  A giant leech (Swamp:2)
  An alligator zombie (Hell)
  2 redbacks (Depths:3)
  2 deep elf magi
  10 flying skulls (Tomb:2)
  A water elemental (Abyss:3)
  A spriggan (shapeshifter) (Zig:13)
  A tarantella (Depths:3)
  A steam dragon (Zig:12)
  A catoblepas simulacrum (Tomb:2)
  2 deep elf fighters
  A hydra simulacrum (Tomb:2)
  A swamp worm (Swamp:2)
  A necrophage (Tar:6)
  An ogre (Depths:2)
  A wasp (Swamp:4)
  A gelid demonspawn simulacrum (Abyss:3)
  A jelly (Zig:15)
  6 mummies
  A white imp (Zot:5)
  A giant eyeball (Pan)
  2 orcs
  2 briar patches (Zig:12)
  72 eldritch tentacle segments
  56 fire vortices
  61 fungi
  A lost soul (Crypt:3)
  3 lurking horrors (Abyss:3)
  24 plants
  48 starspawn tentacles
  739 starspawn tentacle segments
  7 tentacles
  179 tentacle segments
1311 creatures vanquished.

Grand Total: 7348 creatures vanquished

Notes
Turn   | Place    | Note
--------------------------------------------------------------
     0 | D:1      | tetracat the Octopode Monk began the quest for the Orb.
     0 | D:1      | Reached XP level 1. HP: 16/16 MP: 1/1
   145 | D:1      | Reached XP level 2. HP: 21/21 MP: 2/2
   722 | D:2      | Reached XP level 3. HP: 26/26 MP: 3/3
   731 | D:2      | Reached skill level 5 in Unarmed Combat
   739 | D:2      | Noticed Terence
   745 | D:2      | Killed Terence
   745 | D:2      | Reached XP level 4. HP: 16/31 MP: 4/4
  1674 | D:3      | Reached skill level 6 in Unarmed Combat
  1751 | D:3      | Reached XP level 5. HP: 26/36 MP: 5/5
  2252 | D:3      | Found a glowing silver altar of Zin.
  2556 | D:3      | Found an iron altar of Okawaru.
  2639 | D:3      | Reached XP level 6. HP: 36/42 MP: 6/6
  2985 | D:4      | Found Jicw's Distillery.
  2988 | D:4      | Bought a potion of mutation for 25 gold pieces
  2988 | D:4      | Bought a potion of degeneration for 10 gold pieces
  2988 | D:4      | Bought a potion of poison for 10 gold pieces
  3035 | D:4      | Reached skill level 5 in Dodging
  3174 | D:4      | Noticed tetracat's ghost (novice OpMo)
  3394 | D:4      | Reached XP level 7. HP: 42/44 MP: 7/7
  3521 | D:4      | Found Huvywutt's General Store.
  3721 | D:4      | Noticed Eustachio
  3743 | D:4      | Killed Eustachio
  3743 | D:4      | Reached skill level 7 in Unarmed Combat
  4080 | D:4      | Found Eju Ymoc's Weapon Shoppe.
  4424 | D:4      | Bought a scroll of identify for 20 gold pieces
  4464 | D:5      | Entered Level 5 of the Dungeon
  4605 | D:5      | Noticed a hungry ghost
  4624 | D:5      | Killed a hungry ghost
  4624 | D:5      | Reached skill level 8 in Unarmed Combat
  4624 | D:5      | Reached XP level 8. HP: 28/50 MP: 8/8
  4879 | D:5      | Found a staircase to the Ecumenical Temple.
  4888 | Temple   | Entered the Ecumenical Temple
  5131 | Temple   | Became a worshipper of Gozag Ym Sagoz the Greedy
  5720 | D:5      | You fall through a shaft for 3 floors!
  5997 | D:7      | Reached skill level 5 in Stealth
  6801 | D:7      | Reached skill level 9 in Unarmed Combat
  7025 | D:7      | Reached XP level 9. HP: 22/58 MP: 9/9
  8442 | D:6      | Reached skill level 10 in Unarmed Combat
  9243 | D:5      | HP: 3/60 [killer bee (3)]
  9244 | D:5      | HP: 1/60 [killer bee (1)]
  9247 | D:5      | Reached skill level 5 in Fighting
  9894 | D:6      | Reached XP level 10. HP: 62/69 MP: 10/10
 10302 | D:6      | Found a stormy altar of Qazlal.
 10302 | D:6      | Found a bloodstained altar of Trog.
 11344 | D:8      | Noticed Grum
 11561 | D:8      | Found Zojoawo's Book Shoppe.
 12023 | D:9      | Reached skill level 11 in Unarmed Combat
 12033 | D:9      | Learned a level 6 spell: Statue Form
 12058 | D:9      | Found a snail-covered altar of Cheibriados.
 12128 | D:9      | Found a staircase to the Lair.
 12285 | D:10     | Entered Level 10 of the Dungeon
 12782 | D:9      | Reached skill level 10 in Dodging
 13069 | D:9      | Reached XP level 11. HP: 77/77 MP: 11/11
 13378 | D:10     | Reached skill level 1 in Spellcasting
 13378 | D:10     | Reached skill level 1 in Transmutations
 13378 | D:10     | Reached skill level 1 in Earth Magic
 13566 | D:10     | Bought a +6 ring of protection for 1092 gold pieces
 13753 | D:10     | Noticed a hill giant
 13770 | D:10     | Killed a hill giant
 14084 | Lair:1   | Entered Level 1 of the Lair of Beasts
 16743 | Lair:2   | Reached XP level 12. HP: 65/83 MP: 18/18
 17035 | Lair:2   | Reached skill level 5 in Transmutations
 17038 | Lair:2   | Reached skill level 5 in Earth Magic
 18263 | Lair:3   | Reached skill level 5 in Spellcasting
 18426 | Lair:3   | Found a hole to the Spider Nest.
 18923 | Lair:3   | Noticed Gastronok
 18947 | Lair:3   | Killed Gastronok
 18947 | Lair:3   | Reached skill level 12 in Unarmed Combat
 19238 | Lair:3   | Found a staircase to the Swamp.
 20787 | Lair:4   | Reached XP level 13. HP: 81/88 MP: 22/22
 21839 | Lair:5   | Got a scintillating lead ring
 21841 | Lair:5   | Identified the ring of Ifaycs {rC+ MR+} (You found it on level 5 of the Lair of Beasts)
 22174 | Lair:5   | Found a dark tunnel.
 22188 | Volcano  | Entered a volcano
 22599 | Volcano  | Found a radiant altar of Vehumet.
 23483 | Lair:5   | Noticed Maud
 24466 | Lair:6   | Found an opulent altar of Gozag.
 24901 | Lair:6   | Found a viscous altar of Jiyva.
 24903 | Lair:6   | Found a staircase to the Slime Pits.
 25237 | Lair:7   | Found a frozen archway.
 25366 | IceCv    | Entered an ice cave
 25407 | IceCv    | Reached skill level 10 in Transmutations
 25685 | IceCv    | Reached skill level 10 in Earth Magic
 26584 | IceCv    | Reached XP level 14. HP: 80/94 MP: 23/23
 26661 | IceCv    | Got a shimmering morningstar {holy}
 26670 | IceCv    | Got a scorched shadow dragon armour
 26724 | Lair:7   | Identified the +0 shadow dragon armour of Classification {Int+3 Slay+2 Stlth++++} (You found it in an ice cave)
 26727 | Lair:7   | Identified the +7 morningstar "Ceasay" {holy, +Rage rElec MR+ MP+9} (You took it off a necromancer in an ice cave)
 28113 | Lair:8   | Entered Level 8 of the Lair of Beasts
 30804 | Lair:8   | Reached XP level 15. HP: 43/99 MP: 27/27
 31622 | D:8      | Killed Grum
 31700 | D:8      | Bought a book of Changes for 325 gold pieces
 31700 | D:8      | Bought a book of Minor Magic for 260 gold pieces
 31703 | D:8      | Learned a level 2 spell: Blink
 31706 | D:8      | Learned a level 2 spell: Repel Missiles
 33121 | D:11     | Learned a level 1 spell: Apportation
 33493 | D:12     | Bought a potion of heal wounds for 50 gold pieces
 33606 | D:12     | Reached skill level 10 in Spellcasting
 33699 | D:12     | Found a staircase to the Orcish Mines.
 33959 | D:14     | Noticed Kirke
 34167 | D:14     | Bought the ring "Ykiahas" {rC++ Int+4 Dex+2} for 779 gold pieces
 34605 | D:12     | Noticed Snorg
 34618 | D:12     | Killed Snorg
 36200 | D:14     | Found a gate to the Vaults.
 36672 | D:14     | Noticed a sphinx
 37689 | D:15     | Entered Level 15 of the Dungeon
 37767 | D:15     | Found a labyrinth entrance.
 37791 | Lab      | Entered a labyrinth
 38916 | Lab      | Got a brightly glowing pewter ring
 38919 | Lab      | Identified the ring of the Wild Haggis {Wiz MP+9 Str+3 Int+7 Slay+3} (You found it in a labyrinth)
 38927 | D:15     | Identified a +8 rod of clouds (11/11) (You found it in a labyrinth)
 38943 | D:15     | Learned a level 5 spell: Blade Hands
 39109 | D:15     | Reached XP level 16. HP: 101/105 MP: 32/32
 39185 | D:15     | Reached skill level 13 in Spellcasting
 39224 | D:15     | Found a staircase to the Depths.
 40583 | D:15     | Learned a level 6 spell: Iron Shot
 40689 | Depths:1 | Entered Level 1 of the Depths
 40693 | Depths:1 | Bought a bread ration for 60 gold pieces
 40693 | Depths:1 | Bought a meat ration for 60 gold pieces
 40693 | Depths:1 | Bought 3 fruits for 54 gold pieces
 40693 | Depths:1 | Bought a royal jelly for 24 gold pieces
 40693 | Depths:1 | Bought a beef jerky for 18 gold pieces
 40693 | Depths:1 | Bought a meat ration for 60 gold pieces
 40693 | Depths:1 | Bought a bread ration for 60 gold pieces
 40693 | Depths:1 | Bought a bread ration for 60 gold pieces
 40693 | Depths:1 | Bought a meat ration for 60 gold pieces
 40693 | Depths:1 | Bought a bread ration for 60 gold pieces
 40693 | Depths:1 | Bought a bread ration for 60 gold pieces
 41031 | D:14     | Found an opulent altar of Gozag.
 41299 | D:14     | Reached skill level 14 in Spellcasting
 41481 | Orc:1    | Entered Level 1 of the Orcish Mines
 42500 | Orc:1    | Found Uhiaph's Magic Scroll Shoppe.
 42525 | Orc:1    | Bought a scroll of blinking for 97 gold pieces
 42525 | Orc:1    | Bought a scroll of identify for 26 gold pieces
 42526 | Orc:1    | Bought a scroll of identify for 26 gold pieces
 42526 | Orc:1    | Bought a scroll of recharging for 123 gold pieces
 42526 | Orc:1    | Bought a scroll of identify for 26 gold pieces
 42526 | Orc:1    | Bought a scroll of identify for 26 gold pieces
 42663 | Orc:3    | Found a staircase to the Elven Halls.
 42725 | Orc:3    | Noticed Sonja
 42739 | Orc:3    | Noticed Harold
 42754 | Orc:3    | Killed Harold
 42759 | Orc:3    | Killed Sonja
 43419 | Orc:3    | Found Sonn's Antique Armour Shop.
 43484 | Orc:2    | Reached skill level 1 in Conjurations
 43562 | Orc:2    | Found Tenles's Armour Shop.
 44289 | Orc:3    | Bought a runed hat for 76 gold pieces
 44448 | Orc:4    | Entered Level 4 of the Orcish Mines
 44596 | Orc:4    | Found Lutzuysu's Quality Used Wands.
 44977 | Orc:4    | Found Azamm's Food Boutique.
 44980 | Orc:4    | Found Amyok's Magic Scroll Shop.
 45267 | Orc:4    | Bought a meat ration for 65 gold pieces
 45267 | Orc:4    | Bought a meat ration for 65 gold pieces
 45267 | Orc:4    | Bought a meat ration for 65 gold pieces
 45267 | Orc:4    | Bought a meat ration for 65 gold pieces
 45267 | Orc:4    | Bought a royal jelly for 26 gold pieces
 45267 | Orc:4    | Bought a royal jelly for 26 gold pieces
 45267 | Orc:4    | Bought a bread ration for 65 gold pieces
 45267 | Orc:4    | Bought a bread ration for 65 gold pieces
 45267 | Orc:4    | Bought a bread ration for 65 gold pieces
 45267 | Orc:4    | Bought a slice of pizza for 19 gold pieces
 45267 | Orc:4    | Bought a slice of pizza for 19 gold pieces
 45267 | Orc:4    | Bought a beef jerky for 19 gold pieces
 45269 | Orc:4    | Bought a scroll of holy word for 82 gold pieces
 45269 | Orc:4    | Bought a scroll of enchant armour for 82 gold pieces
 45269 | Orc:4    | Bought 3 scrolls of identify for 66 gold pieces
 45280 | Orc:4    | Learned a level 5 spell: Lee's Rapid Deconstruction
 45295 | Orc:4    | Noticed Nessos
 45317 | Orc:4    | Killed Nessos
 45636 | Orc:4    | Reached skill level 5 in Conjurations
 45655 | Orc:4    | Reached skill level 15 in Spellcasting
 45997 | Orc:4    | Found Vaunil's Book Shoppe.
 45997 | Orc:4    | Found Nacexip's Antique Armour Emporium.
 45997 | Orc:4    | Found a one-way gate leading to the halls of Pandemonium.
 46204 | Orc:4    | Bought a scroll of teleportation for 33 gold pieces
 46204 | Orc:4    | Bought a scroll of identify for 22 gold pieces
 46888 | Lair:3   | Reached skill level 1 in Shields
 47276 | Spider:1 | Entered Level 1 of the Spider Nest
 47322 | Spider:1 | Reached XP level 17. HP: 101/109 MP: 36/36
 51545 | Spider:3 | Noticed Agnes
 51552 | Spider:3 | Killed Agnes
 52352 | Spider:4 | Entered Level 4 of the Spider Nest
 52359 | Spider:4 | Reached skill level 16 in Spellcasting
 52704 | Spider:4 | Reached XP level 18. HP: 116/116 MP: 38/38
 52808 | Spider:4 | HP: 6/150 [trapdoor spider (7)]
 53467 | Spider:4 | Noticed Arachne
 53481 | Spider:4 | Killed Arachne
 53481 | Spider:4 | Reached skill level 15 in Unarmed Combat
 54614 | Spider:4 | Got a gossamer rune of Zot
 55248 | Lair:3   | Learned a level 9 spell: Shatter
 55311 | Swamp:1  | Entered Level 1 of the Swamp
 55641 | Swamp:1  | Reached skill level 17 in Spellcasting
 55777 | Swamp:1  | Noticed a tentacled monstrosity
 55789 | Swamp:1  | Killed a tentacled monstrosity
 56856 | Swamp:3  | Reached skill level 5 in Shields
 56863 | Swamp:3  | Identified the Papyrus of Congealing Confrontation (You found it on level 3 of the Swamp)
 57074 | Swamp:3  | Reached XP level 19. HP: 121/121 MP: 40/40
 57170 | Swamp:4  | Entered Level 4 of the Swamp
 58100 | Swamp:4  | Got a decaying rune of Zot
 58459 | Swamp:3  | Got an encrusted dagger
 58461 | Swamp:3  | Identified the +8 dagger of Golemmygh {flame, rC+ MR+} (You found it on level 3 of the Swamp)
 58727 | D:12     | Bought a legendary deck of defence for 260 gold pieces
 58824 | Elf:1    | Entered Level 1 of the Elven Halls
 58824 | Elf:1    | Found a portal to a secret trove of treasure.
 60145 | Elf:2    | Reached skill level 10 in Shields
 60625 | Elf:2    | Found a runed gate.
 60699 | Elf:2    | Found a runed gate.
 60702 | Elf:2    | Found a runed gate.
 61171 | Elf:2    | Reached XP level 20. HP: 126/126 MP: 41/41
 61375 | Elf:3    | Entered Level 3 of the Elven Halls
 61375 | Elf:3    | Noticed Asterion
 61382 | Elf:3    | Killed Asterion
 61423 | Elf:3    | Got a brightly glowing shield
 61429 | Elf:3    | Identified the +4 shield "Noll" {rF++ Str+3} (You took it off Asterion on level 3 of the Elven Halls)
 63291 | Elf:3    | Learned a level 4 spell: Passage of Golubria
 63358 | Elf:3    | Learned a level 2 spell: Swiftness
 63377 | Elf:3    | Identified the Handbook of Augmentations (You found it on level 3 of the Elven Halls)
 63382 | Elf:3    | Learned a level 3 spell: Regeneration
 63552 | Elf:3    | Reached skill level 1 in Charms
 63778 | Orc:4    | Bought an Akashic Record for 1545 gold pieces
 63790 | Orc:4    | Learned a level 8 spell: Controlled Blink
 64581 | Depths:2 | Reached skill level 18 in Unarmed Combat
 64682 | Depths:2 | Reached XP level 21. HP: 132/132 MP: 42/42
 64685 | Depths:2 | Reached skill level 5 in Charms
 64716 | Depths:2 | Found a gateway to Hell.
 64750 | Depths:2 | Noticed Saint Roka
 64771 | Depths:2 | Noticed Mara
 64778 | Depths:2 | Killed Saint Roka
 64785 | Depths:2 | Noticed tetracat's illusion
 64797 | Depths:2 | Killed Mara
 64834 | Depths:2 | Found a shattered altar of Ashenzari.
 65004 | Depths:2 | Noticed the Enchantress
 65017 | Depths:2 | Killed the Enchantress
 65519 | Depths:5 | Entered Level 5 of the Depths
 65561 | Depths:5 | Reached skill level 15 in Shields
 65586 | Depths:5 | Bought a fluorescent wand for 168 gold pieces
 65586 | Depths:5 | Bought a thin golden amulet for 210 gold pieces
 65598 | Depths:5 | Learned a level 6 spell: Dispersal
 65618 | Depths:5 | Bought the amulet of Cekugob {Ward -Tele rElec rPois rN++ AC+1 EV+1} for 964 gold pieces
 65629 | Depths:5 | Reached XP level 22. HP: 137/137 MP: 43/43
 65795 | Depths:1 | Found a basalt altar of Yredelemnul.
 65802 | Depths:1 | Found Olaneil's Sacrilege Store.
 65938 | Depths:1 | Found Liveof's Distillery.
 65941 | Depths:1 | Bought 2 potions of heal wounds for 190 gold pieces
 65941 | Depths:1 | Bought a potion of curing for 57 gold pieces
 65941 | Depths:1 | Gained mutation: Your magical capacity is low (-10% MP). [potion of mutation]
 65941 | Depths:1 | Gained mutation: You expend magic power (3 MP) to strengthen your wands. [potion of mutation]
 65941 | Depths:1 | Gained mutation: You can breathe flames. [potion of mutation]
 66053 | Depths:3 | Gained mutation: You have very sharp teeth. [potion of mutation]
 66053 | Depths:3 | Gained mutation: You are robust (+10% HP). [potion of mutation]
 67125 | Depths:3 | Reached XP level 23. HP: 131/159 MP: 39/39
 67149 | Depths:3 | Reached skill level 10 in Charms
 67502 | Depths:3 | Noticed an ancient lich
 67507 | Depths:3 | Killed an ancient lich
 67627 | Depths:3 | Found a deep blue altar of Sif Muna.
 67918 | Depths:3 | Found The Legendary Qeofiashri's Legendary Smithy.
 67979 | Depths:3 | Found Ykathroq's Slaves and Accessories.
 68121 | Depths:3 | Found Jack's Jerk-a-riffic Jerky.
 68166 | Depths:3 | Reached skill level 10 in Fighting
 68172 | Depths:3 | Bought 5 beef jerkies for 75 gold pieces
 68172 | Depths:3 | Bought 5 beef jerkies for 75 gold pieces
 68172 | Depths:3 | Bought 5 beef jerkies for 75 gold pieces
 68172 | Depths:3 | Bought 5 beef jerkies for 75 gold pieces
 68172 | Depths:3 | Bought 5 beef jerkies for 75 gold pieces
 68172 | Depths:3 | Bought 5 beef jerkies for 75 gold pieces
 68172 | Depths:3 | Bought 5 beef jerkies for 75 gold pieces
 68181 | Depths:3 | Found Kuopp's Miraculous Elixirs.
 68184 | Depths:3 | Reached skill level 19 in Unarmed Combat
 68442 | Depths:3 | Found an ancient bone altar of Kikubaaqudgha.
 68824 | Depths:2 | Reached skill level 15 in Dodging
 68866 | Depths:2 | Noticed a golden dragon
 68874 | Depths:2 | Killed a golden dragon
 68911 | Depths:2 | Noticed a juggernaut
 68921 | Depths:2 | Killed a juggernaut
 69222 | Depths:2 | Noticed a caustic shrike
 69250 | Depths:2 | Killed a caustic shrike
 69282 | Depths:2 | Reached XP level 24. HP: 155/172 MP: 39/39
 70293 | Depths:2 | Found a one-way gate to the infinite horrors of the Abyss.
 70478 | Depths:2 | Reached skill level 5 in Translocations
 70934 | Depths:4 | Noticed a caustic shrike
 70939 | Depths:4 | Killed a caustic shrike
 70984 | Depths:4 | Noticed a golden dragon
 71093 | Depths:4 | Reached skill level 20 in Unarmed Combat
 71624 | Depths:4 | Killed a golden dragon
 71751 | Depths:4 | Found a runed door.
 71867 | Depths:4 | Noticed a juggernaut
 71877 | Depths:4 | Killed a juggernaut
 72213 | Depths:4 | Found a gateway to a ziggurat.
 72220 | Depths:4 | Reached XP level 25. HP: 183/183 MP: 39/39
 72246 | Depths:4 | Identified the Catalogue of Displacement (You found it on level 4 of the Depths)
 72255 | Depths:4 | Learned a level 5 spell: Phase Shift
 72323 | Depths:4 | Noticed a golden dragon
 72326 | Depths:4 | Killed a golden dragon
 72442 | Depths:4 | Identified the Collected Works on Execration
 72491 | Depths:4 | Reached skill level 10 in Translocations
 72534 | Depths:4 | Noticed a golden dragon
 72539 | Depths:4 | Killed a golden dragon
 72732 | Depths:5 | Noticed a golden dragon
 72747 | Depths:5 | Killed a golden dragon
 72974 | Depths:5 | Bought an uncursed amulet of resist corrosion for 480 gold pieces
 73141 | Depths:5 | Found a gate to the Realm of Zot.
 73702 | Depths:5 | Bought a legendary deck of changes for 520 gold pieces
 73785 | Hell     | Entered the Vestibule of Hell
 73785 | Hell     | Noticed Geryon
 73793 | Hell     | Killed Geryon
 73796 | Hell     | Reached skill level 1 in Evocations
 73955 | Hell     | Found a gateway to the freezing wastes of Cocytus.
 74148 | Hell     | Bought a scroll labeled UXEADDORUT for 22 gold pieces
 74151 | Hell     | Got a steaming hat
 74162 | Hell     | Identified the -5 hat of Rugez {+Inv Int+2} (You acquired it in the Vestibule of Hell)
 74226 | Hell     | Found a gateway to the Iron City of Dis.
 74362 | Hell     | Found a gateway to the ashen valley of Gehenna.
 74467 | Hell     | Found a gateway to the decaying netherworld of Tartarus.
 74747 | Coc:1    | Entered Level 1 of Cocytus
 75103 | Hell     | Bought an uncursed amulet of resist mutation for 720 gold pieces
 75666 | Slime:1  | Entered Level 1 of the Pits of Slime
 75850 | Slime:3  | Reached XP level 26. HP: 195/195 MP: 39/39
 75916 | Slime:5  | Reached skill level 5 in Evocations
 76013 | Slime:6  | Entered Level 6 of the Pits of Slime
 76151 | Slime:6  | Found a viscous altar of Jiyva.
 76154 | Slime:6  | Noticed the royal jelly
 76636 | Slime:6  | Reached skill level 21 in Unarmed Combat
 76655 | Slime:6  | Killed the royal jelly
 77051 | Slime:6  | Got a crude wooden ring
 77053 | Slime:6  | Identified the ring "Unnimada" {rC+ Slay+2 SInv} (You found it on level 6 of the Pits of Slime)
 77204 | Slime:6  | Got a slimy rune of Zot
 77284 | Slime:5  | Lost mutation: You are robust (+10% HP). [a shining eye]
 77286 | Slime:5  | Gained mutation: You tend to lose your temper in combat. [a shining eye]
 77430 | Lair:6   | Lost mutation: You expend magic power (3 MP) to strengthen your wands. [potion of cure mutation]
 77430 | Lair:6   | Lost mutation: You can breathe flames. [potion of cure mutation]
 77430 | Lair:6   | Lost mutation: Your magical capacity is low (-10% MP). [potion of cure mutation]
 77430 | Lair:6   | Lost mutation: You tend to lose your temper in combat. [potion of cure mutation]
 77659 | D:8      | Bought a book of Summonings for 910 gold pieces
 77665 | D:8      | Learned a level 5 spell: Aura of Abjuration
 77869 | Vaults:1 | Entered Level 1 of the Vaults
 79295 | Vaults:1 | Reached skill level 15 in Fighting
 79728 | Vaults:3 | Noticed Donald
 79739 | Vaults:3 | Killed Donald
 80165 | Vaults:4 | Found Soocruqe's Armour Emporium.
 80185 | Vaults:4 | Reached skill level 15 in Translocations
 80189 | Vaults:4 | Reached XP level 27. HP: 187/187 MP: 44/44
 80607 | Vaults:5 | Entered Level 5 of the Vaults
 80607 | Vaults:5 | Noticed Jory
 80989 | Vaults:4 | Killed Jory
 81729 | Vaults:5 | Reached skill level 10 in Evocations
 81775 | Vaults:5 | Noticed Sojobo
 81780 | Vaults:5 | Killed Sojobo
 82056 | Vaults:5 | Reached skill level 22 in Unarmed Combat
 82279 | Vaults:5 | Identified the Tome of Gliding Protection (You found it on level 5 of the Vaults)
 82293 | Vaults:5 | Got an encrusted battleaxe
 82294 | Vaults:5 | Identified the cursed +2 battleaxe of the Original Sin {chop, rF+} (You found it on level 5 of the Vaults)
 82812 | Vaults:5 | Got a scintillating copper amulet
 82816 | Vaults:5 | Got a silver rune of Zot
 82913 | Vaults:5 | Learned a level 6 spell: Deflect Missiles
 82994 | Vaults:5 | Identified the amulet of the Crown {+Rage rN+ MR+ Dex+4} (You took it off a yaktaur captain on level 5 of the Vaults)
 82997 | Vaults:5 | Gained mutation: One of your tentacles bears a spike. [potion of beneficial mutation]
 83320 | Vaults:5 | Reached skill level 23 in Unarmed Combat
 84382 | Vaults:2 | Found Kotial's Assorted Antiques.
 84390 | Vaults:2 | Bought a scroll of identify for 72 gold pieces
 84390 | Vaults:2 | Bought a scroll of blinking for 270 gold pieces
 84549 | Vaults:2 | Found a staircase to the Crypt.
 84556 | Crypt:1  | Entered Level 1 of the Crypt
 84570 | Crypt:1  | Learned a level 6 spell: Haste
 84680 | Crypt:1  | Reached skill level 24 in Unarmed Combat
 85528 | Crypt:3  | Entered Level 3 of the Crypt
 86119 | Crypt:3  | Noticed Frederick
 86123 | Crypt:3  | Killed Frederick
 86128 | Crypt:3  | Noticed Jorgrun
 86133 | Crypt:3  | Killed Jorgrun
 86236 | Crypt:3  | Reached skill level 25 in Unarmed Combat
 86288 | Crypt:3  | Found a staircase to the Tomb.
 86428 | Crypt:3  | Noticed an ancient lich
 86431 | Crypt:3  | Killed an ancient lich
 86473 | Crypt:3  | Found a basalt altar of Yredelemnul.
 86693 | Tomb:1   | Entered Level 1 of the Tomb of the Ancients
 87031 | Tomb:1   | Bought the amulet of the Turtle {*Contam rF+ Regen+ Int+7 Slay+3} for 788 gold pieces
 87031 | Tomb:1   | Bought the ring "Lor Acit" {+Fly rC+ Str+4 Dex+4} for 579 gold pieces
 88036 | Tomb:3   | Entered Level 3 of the Tomb of the Ancients
 89303 | Tomb:3   | Noticed Khufu
 90429 | Tomb:3   | Killed Khufu
 90440 | Tomb:3   | Reached skill level 15 in Earth Magic
 91008 | Tomb:3   | Got a golden rune of Zot
 91091 | Tomb:3   | Identified the Almanac of Flight
 91149 | Tomb:3   | Got a flickering jade amulet
 91151 | Tomb:3   | Identified the amulet "Heumuxze" {+Rage rF+ MP+9 Dex+4} (You found it on level 3 of the Tomb of the Ancients)
 91942 | Lair:4   | Bought the ring "Hadoxzo" {rN+ MR+ Str-4 SInv} for 512 gold pieces
 92418 | Hell     | Bought the ring of Surprise {Str+3 Dex+2 Stlth+} for 630 gold pieces
 92418 | Hell     | Bought the ring of Vobebbi {rPois MR+ Str+2 Stlth+} for 693 gold pieces
 93278 | D:12     | Bought a scroll of enchant weapon for 75 gold pieces
 93278 | D:12     | Bought a scroll of holy word for 75 gold pieces
 93439 | D:8      | Bought a book of Annihilations for 1435 gold pieces
 93544 | D:4      | Killed tetracat's ghost
 93571 | D:4      | Bought a potion of curing for 30 gold pieces
 93571 | D:4      | Bought a potion of beneficial mutation for 350 gold pieces
 93571 | D:4      | Bought a potion of curing for 30 gold pieces
 93571 | D:4      | Bought a potion of curing for 30 gold pieces
 93571 | D:4      | Bought a potion of curing for 30 gold pieces
 93571 | D:4      | Bought 2 potions of agility for 80 gold pieces
 93571 | D:4      | Gained mutation: You possess an exceptional clarity of mind. [potion of beneficial mutation]
 93678 | Temple   | Fell from the grace of Gozag
 93678 | Temple   | Became a worshipper of Makhleb the Destroyer
 94079 | Depths:2 | Voluntarily entered the Abyss.
 94491 | Abyss:3  | Reached * piety under Makhleb
 94697 | Abyss:3  | Reached ** piety under Makhleb
 94727 | Abyss:3  | Found a corrupted altar of Lugonu.
 95151 | Abyss:3  | Reached *** piety under Makhleb
 95378 | Abyss:4  | Found a corrupted altar of Lugonu.
 95384 | Abyss:4  | Reached skill level 10 in Stealth
 95564 | Abyss:4  | Reached skill level 26 in Unarmed Combat
 95647 | Abyss:4  | Reached **** piety under Makhleb
 95762 | Abyss:4  | Found a sparkling altar of Nemelex Xobeh.
 96068 | Abyss:4  | Reached ***** piety under Makhleb
 96226 | Abyss:4  | Paralysed by accursed screaming for 1 turns
 96515 | Abyss:4  | Gained mutation: You expend magic power (3 MP) to strengthen your wands. [a neqoxec]
 96542 | Abyss:4  | Found a shimmering altar of Xom.
 96578 | Abyss:4  | Paralysed by accursed screaming for 2 turns
 96933 | Abyss:4  | Paralysed by accursed screaming for 1 turns
 96982 | Abyss:4  | Reached ****** piety under Makhleb
 97036 | Abyss:4  | Reached skill level 27 in Unarmed Combat
 97209 | Abyss:4  | Reached skill level 10 in Conjurations
 97292 | Abyss:4  | Paralysed by accursed screaming for 1 turns
 97297 | Abyss:4  | Reached skill level 15 in Stealth
 97299 | Abyss:4  | Paralysed by accursed screaming for 1 turns
 97468 | Abyss:4  | Found a corrupted altar of Lugonu.
 97517 | Abyss:4  | Got an abyssal rune of Zot
 97645 | Depths:2 | Escaped the Abyss
 97793 | Hell     | Gained mutation: You are partially covered in molten scales (AC +1). [helix card]
 97829 | Tar:1    | Entered Level 1 of Tartarus
 98238 | Tar:4    | Was forgiven by Gozag
 98622 | Tar:7    | Entered Level 7 of Tartarus
 98722 | Tar:7    | Identified Sif Muna's Incunabulum of Displacement
 98732 | Tar:7    | Got an ancient crystal plate armour
 98733 | Tar:7    | Identified the +14 crystal plate armour of Etorgh {rPois rCorr Int-5 Dex-4} (You found it on level 7 of Tartarus)
 98943 | Tar:7    | Noticed Ereshkigal
 98961 | Tar:7    | Killed Ereshkigal
 98987 | Tar:7    | Gained mutation: Your spells are a little easier to cast, but a little less powerful. [mutagenic glow]
 99052 | Tar:7    | Gained mutation: You are dopey. (Int -2) [mutagenic glow]
 99164 | Tar:7    | Got a bone rune of Zot
 99278 | Tar:7    | Noticed an ancient lich
 99279 | Tar:7    | Noticed an ancient lich
 99282 | Tar:7    | Killed an ancient lich
 99286 | Tar:7    | Killed an ancient lich
 99926 | Tar:7    | Identified the Guide on Talismans
100066 | Dis:1    | Entered Level 1 of the Iron City of Dis
100704 | Dis:7    | Entered Level 7 of the Iron City of Dis
100783 | Dis:7    | Reached skill level 1 in Summonings
101298 | Dis:7    | Reached skill level 5 in Summonings
101535 | Dis:7    | Noticed Dispater
101546 | Dis:7    | Killed Dispater
101565 | Dis:7    | Got an iron rune of Zot
101857 | Dis:7    | Gained mutation: Your body sometimes deteriorates upon taking damage. [mutagenic glow]
101895 | Dis:7    | Lost mutation: Your body sometimes deteriorates upon taking damage. [potion of cure mutation]
101895 | Dis:7    | Lost mutation: You possess an exceptional clarity of mind. [potion of cure mutation]
101895 | Dis:7    | Lost mutation: You have very sharp teeth. [potion of cure mutation]
102062 | Dis:7    | Reached skill level 15 in Conjurations
102782 | Coc:3    | Reached skill level 1 in Necromancy
103010 | Coc:7    | Entered Level 7 of Cocytus
103342 | Coc:7    | Reached skill level 5 in Necromancy
103357 | Coc:7    | Noticed Antaeus
103371 | Coc:7    | Killed Antaeus
103403 | Coc:7    | Got an icy rune of Zot
103406 | Coc:7    | Got a twitching jade ring
103410 | Coc:7    | Identified the ring "Rucluunk" {+Fly Dex+5} (You found it on level 7 of Cocytus)
103781 | Geh:1    | Entered Level 1 of Gehenna
104413 | Geh:4    | Reached skill level 10 in Summonings
104438 | Geh:4    | Gained mutation: Your body sometimes deteriorates upon taking damage. [mutagenic glow]
104474 | Geh:5    | Gained mutation: Your spells are easier to cast, but less powerful. [mutagenic glow]
104841 | Geh:5    | Reached skill level 10 in Necromancy
105180 | Geh:7    | Entered Level 7 of Gehenna
105357 | Geh:7    | Drew Focus: Int increased to 18, Dex decreased to 15
105362 | Geh:7    | Drew Focus: Int increased to 19, Dex decreased to 14
105392 | Geh:7    | Noticed the Serpent of Hell
105409 | Geh:7    | Killed the Serpent of Hell
105736 | Geh:7    | Noticed Asmodeus
105757 | Geh:7    | Killed Asmodeus
105802 | Geh:7    | Got an obsidian rune of Zot
106258 | Pan      | Entered Pandemonium
106284 | Pan      | Found a runed door.
106543 | Pan      | Noticed Haoweshi the pandemonium lord
106545 | Pan      | Killed Haoweshi the pandemonium lord
106774 | Pan      | Found an exit through the horrors of the Abyss.
107378 | Pan      | Noticed Kaemmuid the pandemonium lord
107396 | Pan      | Killed Kaemmuid the pandemonium lord
107487 | Pan      | Entered the realm of Mnoleg.
107487 | Pan      | Noticed Mnoleg
107493 | Pan      | Killed Mnoleg
107508 | Pan      | Paralysed by a giant eyeball for 4 turns
107522 | Pan      | Paralysed by a giant eyeball for 3 turns
107548 | Pan      | Got a clouded bone amulet
107550 | Pan      | Identified the amulet "Ximerph" {Faith rN+} (You found it in Pandemonium)
107624 | Pan      | Got a glowing rune of Zot
107917 | Pan      | Gained mutation: Your magical capacity is low (-10% MP). [a cacodemon]
108208 | Pan      | Found an exit through the horrors of the Abyss.
108250 | Pan      | Reached skill level 27 in Fighting
109123 | Pan      | Noticed Orysam the pandemonium lord
109136 | Pan      | Killed Orysam the pandemonium lord
109199 | Pan      | Noticed Reonew the pandemonium lord
109215 | Pan      | Killed Reonew the pandemonium lord
109791 | Pan      | Gained mutation: Potions and wands are less effective at restoring your health. [a neqoxec]
109891 | Pan      | Found an exit through the horrors of the Abyss.
109893 | Pan      | Entered the realm of Cerebov.
109957 | Pan      | Noticed Cerebov
109982 | Pan      | Killed Cerebov
110169 | Pan      | Got a fiery rune of Zot
110424 | Pan      | Identified the Tome of Calling and Malediction
110434 | Pan      | Identified the Reference Book on Execration
110477 | Pan      | Found an exit through the horrors of the Abyss.
110628 | Pan      | Found a runed door.
110647 | Pan      | Found a runed door.
110648 | Pan      | Found a runed door.
110650 | Pan      | Noticed Fittac the pandemonium lord
110656 | Pan      | Killed Fittac the pandemonium lord
110663 | Pan      | Found a runed door.
110706 | Pan      | Found a gateway to a ziggurat.
110713 | Zig:1    | Entered Level 1 of a ziggurat
110735 | Zig:2    | Entered Level 2 of a ziggurat
110761 | Zig:3    | Entered Level 3 of a ziggurat
110779 | Zig:3    | Identified the Almanac of Mutagenic Aid
110799 | Zig:4    | Entered Level 4 of a ziggurat
110800 | Zig:4    | Gained mutation: You are clumsy. (Dex -2) [mutagenic glow]
110830 | Zig:4    | Lost mutation: One of your tentacles bears a spike. [mutagenic glow]
110850 | Zig:4    | Got a clouded lapis lazuli ring
110852 | Zig:4    | Identified the ring "Vixkaocuqe" {Wiz MR+ Dex-3 Stlth+} (You found it on level 4 of a ziggurat)
110959 | Zig:5    | Entered Level 5 of a ziggurat
111007 | Zig:6    | Entered Level 6 of a ziggurat
111040 | Zig:6    | Identified the Handbook of Bewitchment
111056 | Zig:7    | Entered Level 7 of a ziggurat
111102 | Zig:7    | Identified the Grimoire of Pragmatism
111119 | Zig:8    | Entered Level 8 of a ziggurat
111182 | Zig:9    | Entered Level 9 of a ziggurat
111293 | Zig:10   | Entered Level 10 of a ziggurat
111394 | Zig:11   | Entered Level 11 of a ziggurat
111426 | Zig:11   | Gained mutation: You are frail (-10% HP). [mutagenic glow]
111533 | Zig:12   | Entered Level 12 of a ziggurat
111633 | Zig:13   | Entered Level 13 of a ziggurat
111639 | Zig:13   | Noticed Panamiu the pandemonium lord
111639 | Zig:13   | Noticed Josusisuoph the pandemonium lord
111640 | Zig:13   | Noticed Jayre the pandemonium lord
111646 | Zig:13   | Noticed Carcheuh the pandemonium lord
111653 | Zig:13   | Noticed Uneoph the pandemonium lord
111654 | Zig:13   | Killed Jayre the pandemonium lord
111655 | Zig:13   | Killed Carcheuh the pandemonium lord
111661 | Zig:13   | Killed Panamiu the pandemonium lord
111664 | Zig:13   | Killed Uneoph the pandemonium lord
111675 | Zig:13   | Killed Josusisuoph the pandemonium lord
111734 | Zig:14   | Entered Level 14 of a ziggurat
111815 | Zig:14   | Got a bound ivory amulet
111817 | Zig:14   | Identified the amulet "Mikeicyx" {rPois Regen+ Str+4 Dex+3} (You found it on level 14 of a ziggurat)
111825 | Zig:14   | Got a heavily runed brass ring
111827 | Zig:14   | Identified the ring of Compulsion {rPois Slay+2} (You found it on level 14 of a ziggurat)
111835 | Zig:14   | Identified the Collected Works on Creative Shape Shifting
111843 | Zig:15   | Entered Level 15 of a ziggurat
111861 | Zig:15   | Gained mutation: Scrolls take you a little longer to read. [a shining eye]
111890 | Zig:15   | Gained mutation: You are very clumsy. (Dex -4) [mutagenic glow]
112107 | Zig:15   | Identified Femeboymy's Compendium of Enthralling Conjuration
112127 | Zig:16   | Entered Level 16 of a ziggurat
112237 | Zig:16   | Identified Sif Muna's Papyrus of Heat and Conjuration
112370 | Pan      | Found an exit through the horrors of the Abyss.
112486 | Pan      | Entered the realm of Gloorx Vloq.
112491 | Pan      | Noticed Gloorx Vloq
112502 | Pan      | Killed Gloorx Vloq
112541 | Pan      | Got a dark rune of Zot
112995 | Pan      | Entered the realm of Lom Lobon.
113214 | Pan      | Noticed Lom Lobon
113229 | Pan      | Killed Lom Lobon
113283 | Pan      | Got a magical rune of Zot
113421 | Pan      | Got a bone broad axe
113422 | Pan      | Identified the cursed +1 broad axe "Ilecel" {drain, rElec rPois Str-5} (You found it in Pandemonium)
113498 | Pan      | Noticed Ezedanuh the pandemonium lord
113507 | Pan      | Killed Ezedanuh the pandemonium lord
113710 | Depths:3 | Escaped Pandemonium
113785 | Hell     | Lost mutation: You expend magic power (3 MP) to strengthen your wands. [potion of cure mutation]
113785 | Hell     | Lost mutation: You are partially covered in molten scales (AC +1). [potion of cure mutation]
113785 | Hell     | Lost mutation: Your body sometimes deteriorates upon taking damage. [potion of cure mutation]
113785 | Hell     | Lost mutation: Scrolls take you a little longer to read. [potion of cure mutation]
113785 | Hell     | Lost mutation: You are very clumsy. (Dex -4) [potion of cure mutation]
113786 | Hell     | Lost mutation: Potions and wands are less effective at restoring your health. [potion of cure mutation]
113786 | Hell     | Lost mutation: You are frail (-10% HP). [potion of cure mutation]
113786 | Hell     | Lost mutation: Your magical capacity is low (-10% MP). [potion of cure mutation]
113786 | Hell     | Lost mutation: You are dopey. (Int -2) [potion of cure mutation]
113786 | Hell     | Lost mutation: You are clumsy. (Dex -2) [potion of cure mutation]
114022 | Hell     | Learned a level 9 spell: Fire Storm
114034 | Hell     | Learned a level 8 spell: Lehudib's Crystal Spear
114080 | Hell     | Gained mutation: You are frail (-10% HP). [mutagenic glow]
114289 | Depths:1 | Bought a potion of cure mutation for 665 gold pieces
114289 | Depths:1 | Lost mutation: You are frail (-10% HP). [potion of cure mutation]
114289 | Depths:1 | Lost mutation: Your spells are easier to cast, but less powerful. [potion of cure mutation]
114289 | Depths:1 | Lost mutation: Your spells are a little easier to cast, but a little less powerful. [potion of cure mutation]
114290 | Depths:1 | Gained mutation: You are agile. (Dex +2) [potion of beneficial mutation]
114406 | Pan      | Entered Pandemonium
114427 | Pan      | Found an exit through the horrors of the Abyss.
114444 | Pan      | Reached skill level 1 in Fire Magic
114582 | Pan      | Noticed Wearun the pandemonium lord
114595 | Pan      | Killed Wearun the pandemonium lord
115266 | Pan      | Reached skill level 5 in Fire Magic
115465 | Pan      | Noticed Yriavac the pandemonium lord
115481 | Pan      | Killed Yriavac the pandemonium lord
115687 | Pan      | Found an exit through the horrors of the Abyss.
115741 | Pan      | Got a faintly glowing amber ring
115743 | Pan      | Identified the ring "Ruydosir" {Ice rPois MR+} (You found it in Pandemonium)
115817 | Pan      | Found an exit through the horrors of the Abyss.
115978 | Pan      | Noticed a seraph
115987 | Pan      | Killed a seraph
116001 | Pan      | Found a glowing golden altar of the Shining One.
116027 | Pan      | Got a smoking steel ring
116029 | Pan      | Identified the ring "Atociwei" {+/*Tele rC+ Str-3 Stlth+} (You found it in Pandemonium)
116035 | Pan      | Identified Cigotuvi's Collected Works on Shifting Black Arts
116042 | Pan      | Got a demonic rune of Zot
116046 | Pan      | Identified Bacul's Volume of Evil Good Luck
116164 | Pan      | Reached skill level 10 in Fire Magic
116500 | Pan      | Found a white marble altar of Elyvilon.
116688 | Pan      | Found an exit through the horrors of the Abyss.
116697 | Pan      | Took an exit into the Abyss.
116697 | Abyss:1  | Escaped into the Abyss
116810 | Depths:3 | Escaped the Abyss
116943 | Hell     | Learned a level 8 spell: Necromutation
116959 | Hell     | Learned a level 9 spell: Tornado
117133 | Zig:1    | Entered Level 1 of a ziggurat
117155 | Zig:2    | Entered Level 2 of a ziggurat
117189 | Zig:3    | Entered Level 3 of a ziggurat
117220 | Zig:4    | Entered Level 4 of a ziggurat
117224 | Zig:4    | Reached skill level 27 in Dodging
117250 | Zig:5    | Entered Level 5 of a ziggurat
117274 | Zig:5    | Identified the Almanac of Quantum Boosts
117281 | Zig:5    | Identified the Guide on Necromancy and Calling
117422 | Zig:6    | Entered Level 6 of a ziggurat
117480 | Zig:7    | Entered Level 7 of a ziggurat
117529 | Zig:8    | Entered Level 8 of a ziggurat
117560 | Zig:8    | Identified a +2 rod of destruction (11/11) (You found it on level 8 of a ziggurat)
117573 | Zig:9    | Entered Level 9 of a ziggurat
117631 | Zig:9    | Identified a +5 rod of the swarm (10/10) (You found it on level 9 of a ziggurat)
117648 | Zig:10   | Entered Level 10 of a ziggurat
117819 | Zig:11   | Entered Level 11 of a ziggurat
117890 | Zig:12   | Entered Level 12 of a ziggurat
117925 | Zig:12   | Reached skill level 15 in Necromancy
117951 | Zig:13   | Entered Level 13 of a ziggurat
117971 | Zig:13   | Reached skill level 15 in Fire Magic
118021 | Zig:13   | Identified a +2 rod of clouds (11/11) (You found it on level 13 of a ziggurat)
118038 | Zig:14   | Entered Level 14 of a ziggurat
118165 | Zig:15   | Entered Level 15 of a ziggurat
118177 | Zig:15   | Noticed an ancient lich
118188 | Zig:15   | Killed an ancient lich
118393 | Zot:1    | Entered Level 1 of the Realm of Zot
118597 | Zot:2    | Got a shimmering large shield
118608 | Zot:2    | Identified the +4 large shield of Wasted Space {Int+3} (You acquired it on level 2 of the Realm of Zot)
119055 | Zot:5    | Entered Level 5 of the Realm of Zot
119232 | Zot:5    | Noticed an ancient lich
119235 | Zot:5    | Killed an ancient lich
119238 | Zot:5    | Noticed an ancient lich
119240 | Zot:5    | Noticed an orb of fire
119244 | Zot:5    | Noticed an orb of fire
119244 | Zot:5    | Killed an ancient lich
119245 | Zot:5    | Gained mutation: You are frail (-10% HP). [an orb of fire]
119246 | Zot:5    | Killed an orb of fire
119248 | Zot:5    | Gained mutation: You occasionally shout uncontrollably at your foes. [an orb of fire]
119251 | Zot:5    | Killed an orb of fire
119252 | Zot:5    | Noticed an orb of fire
119252 | Zot:5    | Noticed an orb of fire
119256 | Zot:5    | Gained mutation: You expend magic power (3 MP) to strengthen your wands. [an orb of fire]
119258 | Zot:5    | Killed an orb of fire
119259 | Zot:5    | Noticed an orb of fire
119261 | Zot:5    | Killed an orb of fire
119264 | Zot:5    | Killed an orb of fire
119268 | Zot:5    | Noticed an ancient lich
119277 | Zot:5    | Lost mutation: You are frail (-10% HP). [potion of cure mutation]
119277 | Zot:5    | Lost mutation: You are agile. (Dex +2) [potion of cure mutation]
119277 | Zot:5    | Lost mutation: You expend magic power (3 MP) to strengthen your wands. [potion of cure mutation]
119278 | Zot:5    | Killed an ancient lich
119362 | Zot:5    | Noticed an orb of fire
119369 | Zot:5    | Killed an orb of fire
119378 | Zot:5    | Got the Orb of Zot
119397 | Zot:5    | Noticed Paestrunn the pandemonium lord
119401 | Zot:5    | Killed Paestrunn the pandemonium lord
119459 | Zot:5    | Noticed an ancient lich
119465 | Zot:5    | Killed an ancient lich
119472 | Zot:5    | Noticed Weycutri the pandemonium lord
119595 | Zot:2    | Noticed Qeaqyplo the pandemonium lord
119618 | Zot:2    | Killed Qeaqyplo the pandemonium lord
119655 | Zot:2    | Noticed Taometu the pandemonium lord
119664 | Zot:2    | Killed Taometu the pandemonium lord
119712 | Zot:1    | Reached skill level 5 in Air Magic
119744 | Zot:1    | Gained mutation: Your body sometimes deteriorates upon taking damage. [a neqoxec]
119858 | Zot:1    | Reached skill level 10 in Air Magic
120127 | D:14     | Noticed Faskut the pandemonium lord
120144 | D:13     | Killed Faskut the pandemonium lord
120445 | D:3      | Gained mutation: You are frail (-10% HP). [a neqoxec]
120550 | D:1      | Lost mutation: Your body sometimes deteriorates upon taking damage. [potion of cure mutation]
120550 | D:1      | Lost mutation: You are frail (-10% HP). [potion of cure mutation]
120550 | D:1      | Lost mutation: You occasionally shout uncontrollably at your foes. [potion of cure mutation]
120553 | D:$      | Escaped with the Orb!

Action                   |  1- 3 |  4- 6 |  7- 9 | 10-12 | 13-15 | 16-18 | 19-21 | 22-24 | 25-27 || total
-------------------------+-------+-------+-------+-------+-------+-------+-------+-------+-------++-------
Melee: Unarmed           |    43 |   121 |   356 |   738 |  1728 |  1356 |   782 |   734 |  6386 || 12244
       Dagger            |       |       |       |       |       |       |       |       |    23 ||    23
 Cast: Statue Form       |       |       |       |       |    22 |    46 |    74 |    71 |   568 ||   781
       Repel Missiles    |       |       |       |       |     6 |     3 |     3 |     2 |     3 ||    17
       Blade Hands       |       |       |       |       |     2 |   103 |     9 |       |       ||   114
       Iron Shot         |       |       |       |       |       |    13 |     5 |     6 |     4 ||    28
       Lee's Rapid Decon |       |       |       |       |       |     1 |     1 |     8 |    60 ||    70
       Regeneration      |       |       |       |       |       |       |       |     2 |       ||     2
       Phase Shift       |       |       |       |       |       |       |       |       |     8 ||     8
       Haste             |       |       |       |       |       |       |       |       |    86 ||    86
       Controlled Blink  |       |       |       |       |       |       |       |       |    53 ||    53
       Deflect Missiles  |       |       |       |       |       |       |       |       |    30 ||    30
       Fire Storm        |       |       |       |       |       |       |       |       |    19 ||    19
       Aura of Abjuratio |       |       |       |       |       |       |       |       |    10 ||    10
       Lehudib's Crystal |       |       |       |       |       |       |       |       |     1 ||     1
Invok: Call Merchant     |       |       |       |     1 |     3 |     1 |     4 |       |     5 ||    14
       Potion Petition   |       |       |       |       |     1 |       |       |       |       ||     1
 Abil: Evoke Flight      |       |       |       |       |       |       |       |       |    17 ||    17
Evoke: Wand              |       |       |       |     4 |    20 |     2 |     5 |     2 |    14 ||    47
       Deck              |       |       |       |       |       |       |       |       |    15 ||    15
  Use: Scroll            |       |       |     6 |    19 |    13 |     9 |     8 |     4 |    87 ||   146
       Potion            |       |       |     9 |     5 |     8 |     3 |     1 |     2 |    25 ||    53
 Stab: Sleeping          |     7 |    17 |    16 |    35 |    37 |    12 |     9 |    11 |    99 ||   243
       Distracted        |       |     3 |       |     5 |    28 |    30 |    10 |    17 |    65 ||   158
       Confused          |       |       |       |       |       |       |     1 |       |       ||     1
       Invisible         |       |       |       |       |       |       |       |       |     1 ||     1
  Eat: Chunk             |       |     7 |     7 |       |       |       |       |       |     2 ||    16
       Beef jerky        |       |       |     2 |     1 |     2 |     2 |     2 |       |    48 ||    57
       Fruit             |       |       |     2 |    12 |    36 |     6 |     2 |     4 |    14 ||    76
       Bread ration      |       |       |     2 |     4 |     2 |     8 |     7 |     3 |    12 ||    38
       Pizza             |       |       |     1 |       |     2 |     5 |     2 |     1 |     3 ||    14
       Meat ration       |       |       |     1 |       |     5 |     1 |       |       |    15 ||    22
       Royal jelly       |       |       |       |     4 |     1 |     3 |     1 |     5 |    13 ||    27
